 Dungeon Sprint DCSS version 0.28.0-45-g0d030f2227 (webtiles) character file.

Game seed: 17364842794493376620

0 NinjaNoafa the Sneak (level 1, -2/9 HPs)
             Began as a Vine Stalker Enchanter on Apr 11, 2022.
             Was an Initiate of Fedhas.
             Killed from afar by Sigmund (5 damage)
             ... with a magic dart
             ... in the Dungeon (Sprint VI: "Thunderdome").
             The game lasted 00:00:33 (14 turns).

NinjaNoafa the Sneak (Vine Stalker Enchanter)         Turns: 14, Time: 00:00:33

Health: -2/9       AC:  2    Str: 10    XL:     1   Next: 0%
Magic:  0/4        EV: 12    Int: 15    God:    Fedhas [......]
Gold:   200        SH:  0    Dex: 14    Spells: 4/4 levels left

rFire   . . .      SeeInvis .   a - +1 dagger
rCold   . . .      Faith    .   (no shield)
rNeg    . . .      Spirit   +   b - +0 robe
rPois   .          Reflect  .   (no helmet)
rElec   .          Harm     .   (no cloak)
rCorr   .          Rampage  .   (no gloves)
Will    .....      NoTele   +   (no boots)
Stlth   ++........              (no amulet)
HPRegen 0.03/turn               (no ring)
MPRegen 0.09/turn               (no ring)

@: no status effects
A: fangs 2, magic shield, antimagic bite, no potion heal 2
a: Renounce Religion


You were in the Dungeon.
You worshipped Fedhas.
Fedhas was noncommittal.
You visited 1 branch You collected 200 gold pieces.

Inventory:

Hand Weapons
 a - a +1 dagger (weapon)
Armour
 b - a +0 robe (worn)
Wands
 j - a wand of acid (5)
 k - a wand of iceblast (4)
Scrolls
 h - 4 scrolls of blinking
 m - 3 scrolls of fog
Potions
 c - a potion of invisibility
 d - a potion of curing
 e - 4 potions of haste
 f - 2 potions of magic
 g - a potion of berserk rage
 i - a potion of resistance
 l - 3 potions of heal wounds {unknown}


   Skills:
 + Level 0.8 Short Blades
 + Level 1.5 Dodging
 + Level 3.6 Stealth
 + Level 2.1 Spellcasting
 + Level 3.0 Hexes


You had 4 spell levels left.
You didn't know any spells.
Your spell library contained the following spells:

 Spells                   Type           Power      Damage    Failure   Level
 Ensorcelled Hibernation  Hex/Ice        12%        N/A       19%         2
 Confusing Touch          Hex            10%        N/A       19%         3
 Tukima's Dance           Hex            10%        N/A       19%         3
 Dazzling Flash           Conj/Hex       12%        N/A       34%         3


Dungeon Overview and Level Annotations

Branches:
Dungeon (1/1)

Altars:
Dithmenos
Fedhas
Okawaru
Ru
Sif Muna
Uskayaw
Xom

Shops:
D *[?*(

Annotations:
D Sigmund


Innate Abilities, Weirdness & Mutations

You have extremely sharp teeth.
When hurt, damage is shared between your health and your magic reserves.
Your bite disrupts and absorbs the magic of your enemies.
Potions cannot restore your health.


Message History

Found a staircase leading out of the dungeon.
Okay, then.
You now have 200 gold pieces.
i - a potion of resistance;
j - a wand of acid (5);
k - a wand of iceblast (5)
e - 4 potions of haste (gained 3);
l - 3 brown potions;
m - 3 scrolls of fog
h - 4 scrolls of blinking (gained 3)
There is a staircase leading out of the dungeon here.
Found a blossoming altar of Fedhas and a shadowy altar of Dithmenos.
Get ready!
Found a sacrificial altar of Ru and a shimmering altar of Xom.
Found an iron altar of Okawaru.
ROUND 1!
FIGHT!
You sense a tension in the west.
Found Jadan's Premium Goods and Vaarroal's Weapon Rack.
Found a shimmering blue altar of Sif Muna and a hide-covered altar of Uskayaw.
Found Kacotaliudgh's Identification Station.
Found Qaesmes's Advanced Armour and Gefot's Jewellery.
Sigmund the Dreaded comes into view.
He is wielding a +1 vampiric scythe.
Jessica the Apprentice Sorceress comes into view.
She is wielding a +0 club.
Jessica shouts!
There is a blossoming altar of Fedhas here.
You kneel at the altar of Fedhas.
Fedhas welcomes you!
The plants of the dungeon cease their hostilities.
Jessica gestures at you while chanting. Pain shoots through your body!
Ouch! That really hurt!
You don't know any spells.
Okay, then.
Aiming: Iceblast
Press: ? - help, Shift-Dir - straight line, f - Jessica
Aim: Jessica, wielding a +0 club and wearing a +0 robe The mass of ice explodes!
The iceblast engulfs Jessica!
You kill Jessica!
Fedhas appreciates your contribution to the ecosystem.
Sigmund points at you and mumbles some strange words.
The magic dart hits you.
Ouch! That really hurt!
You die...
Fedhas appreciates your contribution to the ecosystem.

...... .....
###∩........8. .8...
#.............###...
§...@......# #...#
§..........# #.<.#
⌠..........###...#
#.)...........###.....
#∩........8.# .8...
#∩._@......# .....
######.8.........8.#
#⌠...........⌠#
###.........###
#_......._#
#_......._#
#_........#
#∩.......∩#


You could see Sigmund.

Vanquished Creatures
  Jessica (D)
1 creature vanquished.

Notes
Turn   | Place    | Note
-------+----------+-------------------------------------------
     0 | D        | NinjaNoafa the Vine Stalker Enchanter began the quest for
                  | the Orb.
     0 | D        | Reached XP level 1. HP: 9/9 MP: 4/4
     3 | D        | Found a blossoming altar of Fedhas.
     3 | D        | Found a shadowy altar of Dithmenos.
     4 | D        | Found a sacrificial altar of Ru.
     4 | D        | Found a shimmering altar of Xom.
     5 | D        | Found an iron altar of Okawaru.
     5 | D        | Round 1.
     6 | D        | Found a shimmering blue altar of Sif Muna.
     6 | D        | Found a hide-covered altar of Uskayaw.
     6 | D        | Found Jadan's Premium Goods.
     6 | D        | Found Vaarroal's Weapon Rack.
     8 | D        | Found Kacotaliudgh's Identification Station.
     9 | D        | Found Qaesmes's Advanced Armour.
     9 | D        | Found Gefot's Jewellery.
    10 | D        | Noticed Sigmund
    11 | D        | Noticed Jessica
    13 | D        | Became a worshipper of Fedhas Madash
    14 | D        | Killed Jessica
    14 | D        | Killed from afar by Sigmund

Illustrated notes

Levels and vault maps discovered:
D:        arena_sprint

Action                   || total
-------------------------++-------
Evoke: Wand              ||     1
